 Dungeon Crawl Stone Soup version 0.29.1-4-g47bece8355 (webtiles) character file.

Game seed: 12055622581217847703

21429 Hercules1031 the Cleaver (level 12, 0/112 HPs)
             Began as a Hill Orc Monk on Dec 9, 2022.
             Was a High Priest of Beogh.
             Slain by an ice beast (13 damage)
             ... summoned by an ice statue
             ... on level 4 of the Lair of Beasts.
             The game lasted 01:00:58 (17930 turns).

Hercules1031 the Cleaver (Hill Orc Monk)           Turns: 17930, Time: 01:00:58

Health: 0/112      AC: 28    Str: 19    XL:     12   Next: 89%
Magic:  14/20      EV:  6    Int: 10    God:    Beogh [*****.]
Gold:   806        SH: 11    Dex: 13    Spells: 11/11 levels left

rFire   + . .      SeeInvis .   k - +0 war axe (vamp)
rCold   . . .      Faith    .   R - +0 kite shield
rNeg    . . .      Spirit   .   a - +0 plate armour
rPois   .          Reflect  .   n - +2 helmet
rElec   .          Harm     .   g - +2 cloak
rCorr   .          Rampage  .   (no gloves)
Will    .....                   H - +1 pair of boots
Stlth   ..........              (no amulet)
HPRegen 0.28/turn               w - +4 ring of protection
MPRegen 0.17/turn               u - ring of protection from fire

@: no status effects
A: walk on water
a: Renounce Religion, Smiting, Recall Orcish Followers, Give Item to Named
Follower


You were on level 4 of the Lair of Beasts.
You worshipped Beogh.
Beogh was extremely pleased with you.
You visited 4 branches of the dungeon, and saw 15 of its levels.
You also visited: Sewer.

You collected 998 gold pieces.
You spent 192 gold pieces at shops.

Inventory:

Hand Weapons
 b - a +0 halberd
 d - a +2 dagger of protection
 j - a +0 halberd
 k - a +0 vampiric war axe (weapon)
 l - a +1 whip of pain
 x - a +0 flail of holy wrath
 A - a +2 whip of freezing
 D - a +3 halberd
 G - a +1 halberd
 J - a +2 dagger of venom
 L - a +1 spear of pain
 M - a +0 dagger of venom
 N - a +0 arbalest
 Q - a +1 vorpal spear
 S - a +2 dagger of venom
 T - a +0 arbalest
 V - a +0 arbalest
 W - a +0 dire flail
 X - a +0 quarterstaff of freezing
Armour
 a - a +0 plate armour (worn)
 g - a +2 cloak (worn)
 n - a +2 helmet (worn)
 E - a +0 plate armour
 H - a +1 pair of boots (worn)
 I - a +0 plate armour
 P - a +0 troll leather armour
 R - a +0 kite shield (worn)
Jewellery
 o - a ring of willpower
 u - a ring of protection from fire (right hand)
 v - a ring of ice
 w - a +4 ring of protection (left hand)
 U - a ring of magical power
 Z - a ring of wizardry
Wands
 r - a wand of flame (47)
 F - a wand of charming (4)
Scrolls
 e - 7 scrolls of teleportation
 p - 4 scrolls of identify
 y - 3 scrolls of fear
Potions
 c - a potion of ambrosia
 f - 4 potions of invisibility
 h - a potion of resistance
 i - a potion of brilliance
 m - a potion of might
 s - 3 potions of flight
 t - a potion of haste
 z - 2 potions of cancellation
 B - 2 potions of curing
 C - a potion of berserk rage
 K - 3 potions of mutation


   Skills:
 + Level 12.1 Fighting
 * Level 14.0 Axes
 + Level 10.7 Armour
 - Level 2.4 Dodging
 - Level 1.5 Stealth
 + Level 9.4 Shields
 + Level 11.5 Invocations


You had 11 spell levels left.
You didn't know any spells.
Your spell library contained the following spells:

 Spells                   Type           Power      Damage    Failure   Level
 Apportation              Tloc           0%         N/A       100%        1
 Necrotise                Necr           0%         1d4       100%        1
 Summon Small Mammal      Summ           0%         N/A       100%        1
 Blink                    Tloc           0%         N/A       100%        2
 Poisonous Vapours        Pois/Air       0%         N/A       100%        2
 Call Canine Familiar     Summ           0%         N/A       100%        3
 Ignite Poison            Fire/Tmut/Pois 0%         N/A       100%        3
 Lesser Beckoning         Tloc           0%         N/A       100%        3
 Mephitic Cloud           Conj/Pois/Air  0%         N/A       100%        3
 Portal Projectile        Hex/Tloc       0%         N/A       100%        3
 Summon Guardian Golem    Hex/Summ       0%         N/A       100%        3
 Tukima's Dance           Hex            0%         N/A       100%        3
 Vampiric Draining        Necr           0%         2d6       100%        3
 Animate Armour           Summ/Erth      0%         N/A       100%        4
 Corpse Rot               Necr/Pois/Air  0%         N/A       100%        4
 Agony                    Necr           0%         N/A       100%        5
 Blade Hands              Tmut           0%         N/A       100%        5
 Fireball                 Conj/Fire      0%         3d3       100%        5
 Freezing Cloud           Conj/Ice/Air   0%         6-21      100%        5
 Manifold Assault         Tloc           0%         N/A       100%        5
 Iron Shot                Conj/Erth      0%         9d1       100%        6
 Starburst                Conj/Fire      0%         6d3       100%        6
 Orb of Destruction       Conj           0%         9d5       100%        7
 Spellforged Servitor     Conj/Summ      0%         N/A       100%        7
 Borgnjor's Revivificati  Necr           0%         N/A       100%        8
 Ignition                 Fire           0%         3d3       100%        8


Dungeon Overview and Level Annotations

Branches:
Dungeon (9/15)             Temple (1/1) D:5            Lair (4/5) D:9
 Shoals (1/4) Lair:2        Snake (0/4) Lair:3          Orc (0/2) D:9
  Sewer (visited)
  Slime: Lair:4-5

Altars:
Ashenzari
Cheibriados
Elyvilon
Fedhas
Gozag
Hepliaklqana
Kikubaaqudgha
Makhleb
Nemelex Xobeh
Okawaru
Qazlal
Ru
Sif Muna
Trog
Vehumet
Wu Jian
Xom
Yredelemnul
Zin
The Shining One

Shops:
D:6 :(!

Annotations:
Lair:4 exclusion: ice statue, Urug


Message History

The ice beast hits you.
* * * LOW HITPOINT WARNING * * *
The ice beast freezes you!
* * * LOW HITPOINT WARNING * * *
The ice beast hits you but does no damage.
Aiming: Smiting
Press: ? - help, Dir - move target, f - ice statue Smite: an ice statue (moderately damaged, ally target)
You smite the ice statue!!
The ice statue is severely damaged.
The ice beast hits you but does no damage.
Okrist hits the ice beast with a +1 hand axe!
The ice beast hits you but does no damage.
The ice statue glitters chillingly in the dim dungeon light.
The ice statue gestures.
The polar bear bites you.
* * * LOW HITPOINT WARNING * * *
You block the polar bear's attack. The polar bear claws you.
* * * LOW HITPOINT WARNING * * *
You block the ice beast's attack. The ice beast barely misses you.
You feel better. You block the ice beast's attack.
Okrist closely misses the polar bear.
The ice beast hits you but does no damage. x2
The polar bear barely misses you.
The polar bear claws you but does no damage.
The polar bear claws you.
* * * LOW HITPOINT WARNING * * *
You block the ice beast's attack.
Okay, then.
Aiming: Smiting
Press: ? - help, Dir - move target, f/p - ice statue Smite: an ice statue (severely damaged, ally target)
You smite the ice statue!
The ice statue is almost destroyed.
Your orc knight roars a battlecry!
Your orc knight goes into a battle-frenzy!
The ice beast hits you.
* * * LOW HITPOINT WARNING * * *
The ice beast freezes you!
You die...

≈≈..........≈~≈
≈≈.....$....≈≈~
~.≈≈≈≈..≈≈≈~..~
..≈≈≈≈≈≈≈≈≈≈..≈
..≈≈≈≈≈≈≈≈≈≈...
...~.~≈≈≈≈Y≈≈≈≈≈≈..
#.≈≈~≈≈≈≈≈YY≈≈≈≈~≈≈
###..~≈~≈≈≈hY@?≈≈≈≈≈~
#.....~≈≈≈≈hY8h≈≈≈≈~.
#.#..≈~3≈≈≈:)(Y≈≈≈.≈≈
#..≈.≈o≈≈≈o≈≈≈≈≈≈~≈≈
#≈..3.≈≈≈≈≈≈≈≈≈≈≈≈.≈
#≈≈...o≈≈≈≈≈≈≈≈≈≈o..
##≈○○.≈≈≈≈≈≈≈≈≈≈≈~.≈
#~≈~≈.≈≈≈≈o3≈≈≈~.≈~
#.~5≈≈o35...


You could see an ice statue (ally target), Urug, 3 polar bears, 6 ice beasts, 2
friendly orc knights, the friendly Okrist the orc knight (strong), 2 friendly
sixfirhies and a friendly orc sorcerer (strong).

Vanquished Creatures
  2 hydras
  A catoblepas (Lair:3)
  An alligator (Lair:3)
  Pikel (D:6)
  3 black mambas (Lair:3)
  2 ice devils (Lair:3)
  A rime drake (Lair:3)
  A blink frog (Lair:1)
  Sigmund (D:6)
  8 yaks
  A wraith (D:9)
  A fire elemental (Lair:4)
  A wyvern (D:8)
  3 basilisks
  A naga (Lair:3)
  3 water moccasins
  2 orc warriors
  A black bear (D:4)
  A sky beast (D:7)
  2 ice beasts
  2 ogres
  2 centaurs
  Blork the orc (D:6)
  A lemure (D:6)
  A necrophage (D:7)
  5 bullfrogs
  2 gnoll sergeants
  7 scorpions
  A wight (D:7)
  5 killer bees (D:8)
  4 howler monkeys
  2 electric eels (D:4)
  2 hounds
  2 jellies
  2 orc priests
  A gnoll bouda (D:5)
  Jessica (D:2)
  An iguana (D:3)
  Robin (D:2)
  18 gnolls
  7 adders
  A white imp (D:7)
  A worm (D:5)
  4 dart slugs
  5 orcs
  9 ball pythons
  8 endoplasms
  12 giant cockroaches
  17 goblins
  12 hobgoblins
  7 jackals
  6 quokkas
  5 bats
  7 frilled lizards
  12 kobolds
  6 rats
217 creatures vanquished.

Vanquished Creatures (collateral kills)
  Gastronok (Lair:3)
  Fannar (Lair:2)
  5 hydras (Lair:3)
  An ice dragon (Lair:4)
  A death yak (Lair:3)
  A fire crab (Lair:3)
  The ghost of Finouq the Transmogrifier, a journeyman VSTm of Okawaru (Lair:1)
  Sonja (Lair:3)
  3 black mambas (Lair:3)
  6 cane toads
  8 komodo dragons
  2 rime drakes (Lair:1)
  A hornet (D:9)
  A troll (D:9)
  3 blink frogs
  A snapping turtle (Lair:2)
  21 yaks
  3 wyverns
  3 basilisks
  3 nagas (Lair:3)
  5 water moccasins
  An orc warrior (D:9)
  4 ice beasts (Lair:4)
  A wolf (Lair:3)
  3 centaurs (D:9)
  2 kobold brigands (D:9)
  4 bullfrogs
  A scorpion (Lair:2)
  A killer bee (D:8)
  2 howler monkeys (D:9)
  2 gnoll boudas (D:9)
  4 hounds (D:9)
  An iguana (D:7)
  5 orc wizards (D:9)
  3 gnolls
  A white imp (Lair:4)
  An orc (D:7)
  6 hobgoblins (D:9)
  7 kobolds (D:9)
  A butterfly (Lair:1)
122 creatures vanquished.

Vanquished Creatures (others)
  An orc wizard (D:9)
  2 orc warriors (D:9)
  6 orc priests
  6 orcs
  37 fungi
  85 plants
137 creatures vanquished.

Grand Total: 476 creatures vanquished

Notes
Turn   | Place    | Note
-------+----------+-------------------------------------------
     0 | D:1      | Hercules1031 the Hill Orc Monk began the quest for the Orb.
     0 | D:1      | Reached XP level 1. HP: 19/19 MP: 1/1
   322 | D:1      | Reached XP level 2. HP: 21/27 MP: 2/2
   596 | D:1      | Found a faded altar of an unknown god.
  1343 | D:2      | Reached XP level 3. HP: 34/34 MP: 3/3
  1518 | D:2      | Noticed Jessica
  1521 | D:2      | Killed Jessica
  1522 | D:2      | Reached skill level 5 in Fighting
  1522 | D:2      | Reached XP level 4. HP: 41/42 MP: 4/4
  1722 | D:2      | Reached skill level 5 in Axes
  1728 | D:2      | Noticed Robin
  1736 | D:2      | Killed Robin
  2300 | D:3      | Reached skill level 1 in Armour
  2300 | D:3      | Reached XP level 5. HP: 40/50 MP: 5/5
  2464 | D:3      | Found a glowing drain.
  2493 | Sewer    | Entered a sewer
  2798 | Sewer    | Reached XP level 6. HP: 26/57 MP: 6/6
  2802 | Sewer    | Got Qaf Uvih's Tome of Sinister Secrets
  3286 | D:3      | Became a worshipper of Beogh the Brigand
  3286 | D:3      | Reached * piety under Beogh
  3286 | D:3      | Reached ** piety under Beogh
  3939 | D:4      | Found a glowing silver altar of Zin.
  4036 | D:4      | Reached skill level 6 in Axes
  4308 | D:4      | Reached XP level 7. HP: 64/64 MP: 7/7
  4453 | D:4      | Found a white marble altar of Elyvilon.
  4558 | D:4      | Found a transporter.
  4580 | D:4      | Found a transporter.
  5031 | D:4      | Found an ancient bone altar of Kikubaaqudgha.
  5035 | D:4      | Found a radiant altar of Vehumet.
  5382 | D:5      | Entered Level 5 of the Dungeon
  5396 | D:5      | Reached skill level 5 in Armour
  5749 | D:5      | Reached skill level 7 in Axes
  5791 | D:5      | Reached XP level 8. HP: 66/73 MP: 8/8
  5938 | D:5      | Reached skill level 1 in Invocations
  6397 | D:5      | Found a staircase to the Ecumenical Temple.
  7117 | Temple   | Entered the Ecumenical Temple
  7361 | D:6      | Noticed Blork the orc
  7372 | D:6      | Killed Blork the orc
  7409 | D:6      | Noticed Sigmund
  7426 | D:6      | Killed Sigmund
  7499 | D:6      | Found Fatsed's Antique Weapon Emporium.
  7502 | D:6      | Found Qonib's Distillery.
  7506 | D:6      | Noticed Pikel
  7522 | D:6      | Killed Pikel
  7523 | D:6      | Reached skill level 8 in Axes
  7523 | D:6      | Reached XP level 9. HP: 62/82 MP: 11/13
  7539 | D:6      | Bought a potion of curing for 36 gold pieces
  7539 | D:6      | Bought a potion of berserk rage for 60 gold pieces
  7539 | D:6      | Bought a potion of heal wounds for 60 gold pieces
  7539 | D:6      | Bought a potion of curing for 36 gold pieces
  7739 | D:6      | Found Kemm's Book Emporium.
  7983 | D:7      | Found a broken altar of Ashenzari.
  8015 | D:7      | Reached *** piety under Beogh
  8016 | D:7      | Reached skill level 1 in Shields
  8444 | D:7      | Found a bloodstained altar of Trog.
  8495 | D:7      | Found a basalt altar of Yredelemnul.
  8497 | D:7      | Noticed a profane servitor
  8502 | D:7      | Found a glowing golden altar of the Shining One.
  8504 | D:7      | Noticed an angel
  8570 | D:7      | Reached skill level 9 in Axes
  9539 | D:8      | Reached XP level 10. HP: 53/91 MP: 15/15
  9547 | D:8      | Reached skill level 5 in Shields
 10773 | D:9      | Found an ornate altar of the Wu Jian Council.
 10841 | D:9      | Gained Okrist as an ally
 10999 | D:9      | Identified the +3 scale mail of Insurance {Fly Str+5}
 11026 | D:9      | Reached **** piety under Beogh
 11124 | D:9      | Reached skill level 10 in Axes
 11750 | D:9      | Found a staircase to the Lair.
 11834 | D:9      | Found a burning altar of Makhleb.
 11834 | D:9      | Noticed a green death
 12074 | D:9      | Found a staircase to the Orcish Mines.
 12273 | Lair:1   | Entered Level 1 of the Lair of Beasts
 12292 | Lair:1   | Reached skill level 10 in Fighting
 12386 | Lair:1   | Killed a cane toad
 12387 | Lair:1   | Reached XP level 11. HP: 71/99 MP: 17/17
 12987 | Lair:1   | Noticed an eight-headed hydra
 12996 | Lair:1   | Killed an eight-headed hydra
 13112 | Lair:1   | Found a runed translucent door.
 13113 | Lair:1   | Noticed Finouq's ghost (journeyman VSTm)
 13221 | Lair:1   | Killed Finouq's ghost
 13306 | Lair:1   | Reached skill level 11 in Axes
 14150 | Lair:2   | Noticed Fannar
 14161 | Lair:2   | Killed Fannar
 14305 | Lair:2   | Found a staircase to the Shoals.
 14485 | Lair:2   | Reached skill level 10 in Invocations
 14729 | Shoals:1 | Entered Level 1 of the Shoals
 14729 | Shoals:1 | Noticed a harpy
 14729 | Shoals:1 | Noticed a harpy
 14729 | Shoals:1 | Noticed a harpy
 14729 | Shoals:1 | Noticed a harpy
 14729 | Shoals:1 | Noticed a harpy
 14730 | Shoals:1 | Noticed a harpy
 14730 | Shoals:1 | Noticed a harpy
 14730 | Shoals:1 | Noticed a harpy
 15152 | Lair:3   | Noticed Gastronok
 15162 | Lair:3   | Killed Gastronok
 15488 | Lair:3   | Reached skill level 12 in Axes
 15492 | Lair:3   | Reached ***** piety under Beogh
 15499 | Lair:3   | Reached XP level 12. HP: 100/110 MP: 19/19
 15524 | Lair:3   | Found a staircase to the Snake Pit.
 15864 | Lair:3   | Reached skill level 10 in Armour
 15907 | Lair:3   | Noticed a seven-headed hydra
 15913 | Lair:3   | Killed a seven-headed hydra
 15931 | Lair:3   | Noticed a five-headed hydra
 15934 | Lair:3   | Noticed a four-headed hydra
 15935 | Lair:3   | Noticed an alligator
 15938 | Lair:3   | Killed a five-headed hydra
 15943 | Lair:3   | Killed a four-headed hydra
 15954 | Lair:3   | Reached skill level 13 in Axes
 15956 | Lair:3   | Killed an alligator
 16653 | Lair:3   | Noticed Sonja
 16975 | Lair:3   | Killed Sonja
 17268 | Lair:3   | Noticed a four-headed hydra
 17268 | Lair:3   | Noticed a five-headed hydra
 17268 | Lair:3   | Noticed a death yak
 17282 | Lair:3   | Killed a death yak
 17286 | Lair:3   | Killed a four-headed hydra
 17288 | Lair:3   | Killed a five-headed hydra
 17292 | Lair:3   | Noticed a seven-headed hydra
 17292 | Lair:3   | Noticed a catoblepas
 17301 | Lair:3   | Killed a seven-headed hydra
 17329 | Lair:3   | Killed a catoblepas
 17914 | Lair:4   | Reached skill level 14 in Axes
 17914 | Lair:4   | Noticed an ice dragon
 17923 | Lair:4   | Noticed Urug
 17923 | Lair:4   | Killed an ice dragon
 17930 | Lair:4   | Slain by an ice beast

Illustrated notes

Levels and vault maps discovered:
D:1:      minmay_arrival_diagonal_passages, layout_basic,
          dreamdust_ecumenical_altar_sealed_demon
D:2:      layout_loops_cross, kennysheep_pointless_box,
          kennysheep_generic_room_7, uniq_jessica, uniq_robin
D:3:      layout_basic, gup_sewer_entry_glass, dreamdust_princess_bridge,
          hangedman_abyss_or_decor_lesser_grid, minmay_quadrilaterals
D:4:      gammafunk_steamed_eel, layout_layer_cave, zin_statuary, minitemple
D:5:      layout_basic, temple_pool_b, minmay_curled_crystal, minmay_liquid_box
D:6:      layout_cave_pools, serial_shops, shop, shop, shop_fountains,
          uniq_blork_the_orc, uniq_pikel, uniq_sigmund
D:7:      layout_loops_ring, grunt_temple_overflow_holy_war,
          mainiacjoe_overflow_boulevard, mainiacjoe_overflow_paths,
          grunt_ministairs_4, st_stairs_6, minmay_crossroads
D:8:      layout_loops_corners, nicolae_concentric_dashed_squares_wild,
          minmay_misc_feat_nine_boxes
D:9:      kennysheep_housing_project, layout_long_grid,
          makhleb_altar_promises_db, lemuel_round_altar, david_lair_generic,
          david_orc_4
Temple:   dpeg_chambers_temple
Lair:1:   layout_regular_city, ebering_ghost_reflecting_pool,
          lemuel_fruit_fields, grunt_megastairs_4
Lair:2:   layout_gridlike, minmay_shoals_entry_hut, uniq_fannar
Lair:3:   nzn_winding_woodlands_stair_cross [nzn_winding_woodlands_5x15_parted,
          nzn_winding_woodlands_center_lodge,
          nzn_winding_woodlands_5x15_pathside_ponds,
          nzn_winding_woodlands_5x5_cross, nzn_winding_woodlands_hourglass,
          nzn_winding_woodlands_5x15_zeroes,
          nzn_winding_woodlands_center_garden,
          nzn_winding_woodlands_5x15_garden], layout_long_grid,
          minmay_snake_entry_guardpost_small, portal_ice_cave_demonic_guard,
          uniq_sonja, uniq_gastronok
Lair:4:   layout_gridlike, minmay_slime_entry_oklob_open, ice2_lemuel, uniq_urug
Shoals:1: layout_shoals, nicolae_shoals_water_shrine

Skill      XL: |  1  2  3  4  5  6  7  8  9 10 11 12 |
---------------+-------------------------------------+-----
Fighting       | 4 5 6 7 8 9 10 11 12 | 12.1
Axes           | 5 6 7 8 9 10 12 14 | 14.0
Armour         | 1 2 4 5 6 7 8 9 10 | 10.7
Invocations    | 6 7 8 10 11 | 11.5
Shields        | 4 7 8 9 |  9.4
Dodging        | |  2.4
Stealth        | |  1.5

Action                   |  1- 3 |  4- 6 |  7- 9 | 10-12 || total
-------------------------+-------+-------+-------+-------++-------
Melee: Hand axe          |    81 |       |       |       ||    81
       War axe           |    22 |   212 |   282 |   309 ||   825
       Punch             |     1 |       |     3 |       ||     4
       Whip              |       |       |       |    62 ||    62
Invok: Convert to Beogh  |       |     1 |       |       ||     1
       Recall Orcish Fol |       |       |       |     6 ||     6
       Smiting           |       |       |       |     3 ||     3
       Give Item to Name |       |       |       |     1 ||     1
  Use: Scroll            |       |     5 |     9 |    11 ||    25
       Potion            |       |       |     7 |     9 ||    16
 Stab: Invisible         |       |       |     3 |       ||     3
       Distracted        |       |       |       |     7 ||     7
Armor: Ring mail         |    40 |    13 |       |       ||    53
       Chain mail        |       |    56 |       |       ||    56
       Plate armour      |       |    96 |   236 |   334 ||   666
Dodge: Dodged            |    77 |    93 |    99 |   120 ||   389
Block: Buckler           |       |       |    23 |    53 ||    76
       Kite shield       |       |       |       |   161 ||   161
